Map: Catalyst LE

Players

JJAKJI - Winner!

  • Race: Terran Terran
  • Spawn Location: 5:00

PtitDrogo

  • Race: Protoss Protoss
  • League: Master
  • Spawn Location: 11:00

Event: HomeStory Cup XVI

VOD

Have the link to the VOD?

Description

Time

  • Played on: Nov. 9, 2017, 5:06 p.m.
  • Length: 8:15

All games in this series

Show
View Real Time Build Order
Export as new Build Order

JJAKJI Terran - Winner!

Build Orders: Gas First Reaper Expand, Reaper Expand, MMM Bio 

Get SALT Encoding   

  12  0:00  SCV  
  13  0:12  SCV  
  14  0:17  Supply Depot  
  14  0:24  SCV  
  14  0:27  Refinery  
  15  0:38  SCV  
  16  0:44  Barracks  
  16  0:50  SCV  
  17  1:02  SCV  
  18  1:15  SCV  
  19  1:31  Orbital Command  
  19  1:32  Reaper  
  20  1:44  Command Center  
  20  1:58  SCV  
  21  2:01  Factory  
  21  2:06  Barracks Reactor  
  21  2:11  Supply Depot  
  21  2:13  SCV  
  22  2:21  Refinery  
  22  2:25  SCV  
  23  2:38  SCV  
  23  2:43  Marine x2  
  26  2:44  Starport  
  26  2:49  Widow Mine  
  26  2:50  SCV  
  29  2:57  Orbital Command  
  29  3:02  SCV  
  29  3:04  Marine x2  
  31  3:16  SCV  
  31  3:18  Widow Mine  
  34  3:21  Marine  
  34  3:22  Marine  
  34  3:23  SCV  
  34  3:25  Medivac  
  39  3:29  Supply Depot  
  39  3:30  SCV  
  40  3:35  SCV  
  40  3:39  Marine  
  40  3:49  Marine  
  40  3:51  SCV x2  
  43  3:57  Barracks, Marine  
  43  3:58  Barracks  
  43  4:00  Factory Tech Lab  
  43  4:01  Starport Tech Lab  
  44  4:04  SCV x2  
  44  4:07  Supply Depot, Marine  
  47  4:13  Engineering Bay  
  47  4:15  Marine  
  48  4:17  SCV x2  
  48  4:21  Supply Depot  
  50  4:28  Siege Tank  
  50  4:30  SCV x2  
  55  4:32  Marine  
  55  4:33  Marine  
  57  4:41  Terran Infantry Weapons Level 1  
  57  4:45  Barracks Tech Lab  
  56  4:46  Starport Reactor  
  56  4:47  SCV x2  
  56  4:50  Marine x2  
  56  4:51  Marine  
  56  4:52  Stimpack  
  61  4:59  SCV x2  
  63  5:00  Refinery x2  
  63  5:02  Supply Depot  
  63  5:09  Marine x4  
  63  5:13  Siege Tank  
  70  5:24  SCV x2  
  70  5:25  Supply Depot, Combat Shields  
  70  5:27  Supply Depot, Marine x2  
  72  5:30  Marine x2  
  74  5:36  SCV x2  
  76  5:45  Marine x2  
  76  5:48  Medivac  
  76  5:49  Medivac, Marauder x2  
  86  5:51  SCV  
  86  5:52  SCV  
  86  5:55  Supply Depot  
  88  6:05  Marine  
  88  6:06  Marine  
  88  6:10  Marauder x2  
  94  6:14  Factory Reactor  
  94  6:17  SCV x2  
  96  6:22  Command Center  
  96  6:29  Supply Depot  
  96  6:31  Marauder, Marine x2  
  95  6:38  Viking  
  96  6:48  Marauder  
  96  6:53  Marauder  
  74  7:09  Marauder  
  74  7:14  Marauder  
  73  7:19  Marine  
  69  7:23  SCV  
  69  7:24  SCV  
  70  7:31  Marauder  
  70  7:35  SCV  
  70  7:36  Marauder  
  76  7:45  Marine  
  76  7:48  Marine  
  78  7:51  SCV x2, Factory Reactor  
  78  7:52  Marauder  
Show
View Real Time Build Order
Export as new Build Order

PtitDrogo Protoss 

Build Orders: 1 Gate Expand 

Get SALT Encoding   

  12  0:02  Probe (Chrono Boost)  
  14  0:14  Probe (Chrono Boost)  
  14  0:18  Pylon  
  14  0:26  Probe (Chrono Boost)  
  15  0:36  Assimilator  
  15  0:38  Probe (Chrono Boost)  
  15  0:42  Gateway  
  16  0:44  Probe (Chrono Boost)  
  17  0:53  Probe (Chrono Boost)  
  19  1:05  Probe (Chrono Boost)  
  19  1:20  Nexus  
  20  1:27  Probe (Chrono Boost)  
  20  1:34  Cybernetics Core  
  20  1:39  Probe (Chrono Boost)  
  21  1:41  Assimilator  
  21  1:48  Pylon  
  21  1:58  Probe (Chrono Boost)  
  21  2:00  Adept  
  23  2:10  Probe (Chrono Boost)  
  23  2:11  Warp Gate  
  25  2:22  Probe (Chrono Boost)  
  26  2:25  Robotics Facility  
  26  2:33  Probe (Chrono Boost)  
  26  2:34  Probe (Chrono Boost)  
  28  2:38  Adept  
  28  2:39  Probe (Chrono Boost)  
  28  2:40  Probe (Chrono Boost)  
  33  2:51  Probe (Chrono Boost)  
  33  2:57  Probe (Chrono Boost)  
  34  3:03  Probe (Chrono Boost)  
  35  3:05  Adept  
  35  3:09  Probe (Chrono Boost)  
  38  3:14  Observer, Probe (Chrono Boost)  
  38  3:17  Gateway  
  38  3:18  Gateway  
  40  3:21  Probe (Chrono Boost)  
  40  3:22  Probe (Chrono Boost)  
  40  3:23  Pylon  
  42  3:30  Probe (Chrono Boost)  
  44  3:34  Probe (Chrono Boost)  
  44  3:37  Pylon  
  45  3:42  Probe (Chrono Boost)  
  44  3:49  Probe (Chrono Boost)  
  44  3:53  Probe (Chrono Boost), Twilight Council  
  44  3:54  Observer  
  46  3:56  Forge  
  46  3:59  Probe (Chrono Boost)  
  46  4:01  Probe (Chrono Boost)  
  46  4:02  Assimilator  
  47  4:07  Assimilator  
  47  4:08  Probe (Chrono Boost)  
  48  4:13  Shield Battery, Probe (Chrono Boost)  
  50  4:20  Probe (Chrono Boost)  
  50  4:24  Nexus  
  52  4:25  Probe (Chrono Boost), Resonating Glaives  
  52  4:33  Stalker x2  
  52  4:35  Stalker  
  52  4:36  Protoss Ground Weapons Level 1  
  52  4:44  Probe x2 (Chrono Boost)  
  54  4:56  Warp Prism  
  56  5:03  Pylon  
  55  5:15  Stalker  
  55  5:18  Gateway  
  55  5:19  Gateway  
  57  5:21  Gateway  
  57  5:27  Gateway  
  60  5:35  Probe x2 (Chrono Boost)  
  60  5:37  Probe (Chrono Boost)  
  60  5:38  Sentry x3  
  65  5:43  Shield Battery  
  65  5:44  Observer  
  65  5:48  Probe x2 (Chrono Boost)  
  65  5:49  Probe (Chrono Boost)  
  69  6:00  Probe x2 (Chrono Boost)  
  69  6:02  Adept x3  
  77  6:07  Probe (Chrono Boost), Pylon  
  78  6:17  Probe (Chrono Boost)  
  79  6:27  Shield Battery  
  79  6:31  Adept x7  
  93  6:34  Shield Battery  
  93  6:38  Shield Battery  
  91  6:42  Pylon  
  91  6:45  Pylon  
  83  7:00  Adept x2  
  78  7:02  Adept x2  
  72  7:10  Adept x3  
  72  7:14  Immortal  
  74  7:22  Pylon  
  74  7:24  Pylon  
  74  7:25  Pylon  
  69  7:42  Pylon  
  69  7:47  Pylon x2  
  57  7:56  Pylon  
  55  8:03  Adept x4  
Tags
 
Add a new tag
Caveats
  • Supply blocks, unpowered buildings, or Contaminate may cause inaccurate times.
  • Supply counts are checked every 10 seconds.